 Dungeon Crawl Stone Soup version 0.30.0-3-ga4e48a9924 (webtiles) character file.

Game seed: 6720297866663733624

217 Daunt the Ducker (level 5, 0/43 HPs)
             Began as a Gnoll Gladiator on May 8, 2023.
             Was a Believer of Elyvilon.
             Slain by an ufetubus (1 damage)
             ... on level 5 of the Dungeon.
             The game lasted 00:12:39 (3503 turns).

Daunt the Ducker (Gnoll Gladiator)                  Turns: 3503, Time: 00:12:39

Health: 0/43       AC:  4    Str: 13 (15) XL:     5   Next: 94%
Magic:  7/7        EV: 13    Int:  7 (8)  God:    Elyvilon [**....]
Gold:   214        SH:  4    Dex: 11 (13) Spells: 7/7 levels left

rFire   + . .        a - +0 flail (venom)
rCold   + . .        E - +0 buckler
rNeg    . . .        i - +0 leather armour
rPois   +            x - +0 helmet
rElec   +            (no cloak)
rCorr   +            (no gloves)
SInv    +            (no boots)
Will    +....        (no amulet)
Stlth   +            v - ring of willpower
HPRegen 0.27/turn    (no ring)
MPRegen 0.10/turn

%: no passive effects
@: resistant
A: fangs 1, strong nose, distributed training, see invisible, wild magic 1,
inability to read after injury 1
a: Renounce Religion, Purification, Heal Other


You were on level 5 of the Dungeon.
You worshipped Elyvilon.
Elyvilon was pleased with you.
You visited 1 branch of the dungeon, and saw 5 of its levels.

You collected 214 gold pieces.

Inventory:

Hand Weapons
 a - a +0 flail of venom (weapon)
 b - a +3 sling
 g - a +1 dagger of venom
 m - a +0 war axe
Missiles
 d - a throwing net (quivered)
 e - a javelin
 h - 48 stones
 n - 5 atropa-tipped darts
 u - 4 poisoned darts
Armour
 c - a +0 helmet
 i - a +0 leather armour (worn)
 l - a +0 ring mail
 x - a +0 helmet (worn)
 E - a +0 buckler (worn)
Jewellery
 v - a ring of willpower (left hand)
 D - a ring of wizardry
Wands
 p - a wand of mindburst (20)
 y - a wand of acid (2)
Scrolls
 f - 10 scrolls of identify {unknown}
 o - a scroll of enchant armour {unknown}
 q - a scroll of teleportation {unknown}
 s - a scroll of noise {unknown}
 t - 3 scrolls of acquirement {unknown}
 C - a scroll of silence {unknown}
Potions
 r - a potion of degeneration
 z - a potion of heal wounds {unknown}
 A - a potion of curing {unknown}
 B - a potion of might {unknown}


   Skills:
 + Level 4.9 Fighting
 + Level 1.8 Short Blades
 + Level 1.8 Long Blades
 + Level 1.8 Axes
 + Level 6.8 Maces & Flails
 + Level 1.8 Polearms
 + Level 1.8 Staves
 + Level 1.8 Ranged Weapons
 + Level 4.9 Throwing
 + Level 1.8 Armour
 + Level 6.8 Dodging
 + Level 1.8 Stealth
 + Level 1.8 Shields
 + Level 1.8 Unarmed Combat
 + Level 1.8 Spellcasting
 + Level 1.4 Conjurations
 + Level 1.4 Hexes
 + Level 1.4 Summonings
 + Level 1.4 Necromancy
 + Level 1.4 Translocations
 + Level 1.4 Transmutations
 + Level 1.4 Fire Magic
 + Level 1.4 Ice Magic
 + Level 1.4 Air Magic
 + Level 1.4 Earth Magic
 + Level 1.4 Poison Magic
 + Level 2.0 Invocations
 + Level 1.8 Evocations


You had 7 spell levels left.
You didn't know any spells.
Your spell library was empty.

Dungeon Overview and Level Annotations

Branches:
Dungeon (5/15)
 Temple: D:4-7

Altars:
Elyvilon

Annotations:
D:2 Sigmund


Innate Abilities, Weirdness & Mutations

You have very sharp teeth.
Your uncanny sense of smell can sniff out nearby items.
Your experience applies equally to all skills.
You have supernaturally acute eyesight. (SInv)
Your spells are a little harder to cast, but a little more powerful.
You occasionally lose the ability to read scrolls when taking damage.


Message History

The ufetubus misses you. You block the ufetubus's attack. x2
Unknown command.
It was a potion of ambrosia.
You are confused.
You feel invigorated. The ufetubus hits you.
* * * LOW HITPOINT WARNING * * *
The ufetubus closely misses you.
The gnoll hits you from afar with a +0 spear.
* * * LOW HITPOINT WARNING * * *
The ufetubus attacks as you move away! The ufetubus barely misses you. x2
The ufetubus hits you.
* * * LOW HITPOINT WARNING * * *
The ufetubus closely misses you.
You're too confused to move!
The ufetubus barely misses you. The ufetubus hits you.
* * * LOW HITPOINT WARNING * * *
The gnoll closely misses you.
You're too confused to move!
The ufetubus misses you. The ufetubus closely misses you.
The gnoll hits you from afar with a +0 spear.
* * * LOW HITPOINT WARNING * * *
The ufetubus barely misses you. The ufetubus closely misses you.
You bump into the rock wall.
You feel less invigorated.
You feel less confused. You block the ufetubus's attack.
The ufetubus completely misses you.
The gnoll hits you from afar with a +0 spear!
* * * LOW HITPOINT WARNING * * *
You barely miss the ufetubus. The ufetubus barely misses you.
The ufetubus hits you.
* * * LOW HITPOINT WARNING * * *
The gnoll closely misses you. The ufetubus closely misses you.
The ufetubus hits you.
* * * LOW HITPOINT WARNING * * *
Unknown command.
It was a potion of mutation.
You feel extremely strange.
Your vision sharpens.
You occasionally lose the ability to read scrolls when taking damage.
You feel less in control of your magic. The ufetubus hits you.
You die...

#..... #..... #.....
#..... #..... ####.. #..
#######################.
#......@5gg..........('.
#.#####################.
#.# #. #.# #. #.# #. #.#
#. #.# #. #.# ## #<#


You could see 2 gnolls and an ufetubus.

Vanquished Creatures
  A hound (D:4)
  An orc wizard (D:3)
  A gnoll (D:5)
  4 adders
  A white imp (D:5)
  A worm (D:4)
  2 dart slugs
  9 orcs
  A bat (D:2)
  9 endoplasms
  4 giant cockroaches
  9 goblins
  8 hobgoblins
  8 jackals
  6 quokkas
  6 ball pythons
  2 frilled lizards (D:2)
  4 kobolds
  8 rats
85 creatures vanquished.

Notes
Turn   | Place    | Note
-------+----------+-------------------------------------------
     0 | D:1      | Daunt the Gnoll Gladiator began the quest for the Orb.
     0 | D:1      | Reached XP level 1. HP: 20/20 MP: 1/1
    51 | D:1      | Reached XP level 2. HP: 9/26 MP: 2/2
   301 | D:1      | Reached XP level 3. HP: 23/31 MP: 3/3
   671 | D:1      | Reached skill level 1 in Invocations
   998 | D:2      | Reached skill level 1 in Short Blades
   998 | D:2      | Reached skill level 1 in Long Blades
   998 | D:2      | Reached skill level 1 in Axes
   998 | D:2      | Reached skill level 1 in Polearms
   998 | D:2      | Reached skill level 1 in Staves
   998 | D:2      | Reached skill level 1 in Ranged Weapons
   998 | D:2      | Reached skill level 1 in Armour
   998 | D:2      | Reached skill level 1 in Stealth
   998 | D:2      | Reached skill level 1 in Shields
   998 | D:2      | Reached skill level 1 in Unarmed Combat
   998 | D:2      | Reached skill level 1 in Spellcasting
   998 | D:2      | Reached skill level 1 in Evocations
  1127 | D:2      | Reached XP level 4. HP: 38/38 MP: 5/5
  1295 | D:2      | Noticed Sigmund
  1810 | D:2      | Reached skill level 1 in Conjurations
  1810 | D:2      | Reached skill level 1 in Hexes
  1810 | D:2      | Reached skill level 1 in Summonings
  1810 | D:2      | Reached skill level 1 in Necromancy
  1810 | D:2      | Reached skill level 1 in Translocations
  1810 | D:2      | Reached skill level 1 in Transmutations
  1810 | D:2      | Reached skill level 1 in Fire Magic
  1810 | D:2      | Reached skill level 1 in Ice Magic
  1810 | D:2      | Reached skill level 1 in Air Magic
  1810 | D:2      | Reached skill level 1 in Earth Magic
  1810 | D:2      | Reached skill level 1 in Poison Magic
  2090 | D:3      | Found a faded altar of an unknown god.
  2095 | D:3      | Prayed at the altar of an unknown god.
  2095 | D:3      | Became a worshipper of Elyvilon the Healer
  2095 | D:3      | Reached * piety under Elyvilon
  2192 | D:3      | Reached XP level 5. HP: 19/43 MP: 5/7
  2607 | D:4      | Reached ** piety under Elyvilon
  3111 | D:5      | Entered Level 5 of the Dungeon
  3427 | D:5      | Elyvilon protects you from harm!
  3431 | D:5      | HP: 1/43 [gnoll/+0 spear[a gnoll bouda] (5)]
  3481 | D:5      | HP: 1/43 [gnoll/+0 spear[a gnoll bouda] (6)]
  3502 | D:5      | HP: 1/43 [ufetubus (3)]
  3503 | D:5      | Gained mutation: You have supernaturally acute eyesight.
                  | (SInv) [potion of mutation]
  3503 | D:5      | Gained mutation: You occasionally lose the ability to read
                  | scrolls when taking damage. [potion of mutation]
  3503 | D:5      | Gained mutation: Your spells are a little harder to cast,
                  | but a little more powerful. [potion of mutation]
  3503 | D:5      | Slain by an ufetubus

Illustrated notes

Levels and vault maps discovered:
D:1:      grunt_arrival_lava_bath, layout_loops_cross
D:2:      layout_basic, minmay_misc_feat_encased, uniq_sigmund
D:3:      layout_rooms, ebering_ecumenical_altar_hall, grunt_decor_cap,
          minmay_misc_feat_rugged
D:4:      layout_basic
D:5:      layout_basic, mainiacjoe_overflow_alcove_2, minmay_crystal_room

Skill      XL: |  1  2  3  4  5 |
---------------+----------------+-----
Invocations    | 1 2 |  2.0
Short Blades   | 1 |  1.8
Long Blades    | 1 |  1.8
Axes           | 1 |  1.8
Polearms       | 1 |  1.8
Staves         | 1 |  1.8
Ranged Weapons | 1 |  1.8
Armour         | 1 |  1.8
Stealth        | 1 |  1.8
Shields        | 1 |  1.8
Unarmed Combat | 1 |  1.8
Spellcasting   | 1 |  1.8
Evocations     | 1 |  1.8
Conjurations   | 1 |  1.4
Hexes          | 1 |  1.4
Summonings     | 1 |  1.4
Necromancy     | 1 |  1.4
Translocations | 1 |  1.4
Transmutations | 1 |  1.4
Fire Magic     | 1 |  1.4
Ice Magic      | 1 |  1.4
Air Magic      | 1 |  1.4
Earth Magic    | 1 |  1.4
Poison Magic   | 1 |  1.4
Fighting       | |  4.9
Maces & Flails | |  6.8
Throwing       | |  4.9
Dodging        | |  6.8

Action                     |  1- 3 |  4- 6 || total
---------------------------+-------+-------++-------
  Melee: Flail             |    92 |    81 ||   173
         Bite              |     7 |     8 ||    15
   Fire: Sling             |    31 |   106 ||   137
  Throw: Throwing net      |       |     2 ||     2
         Dart              |       |     1 ||     1
 Invoke: Purification      |       |     1 ||     1
    Use: Potion            |       |     4 ||     4
   Stab: Sleeping          |     1 |     1 ||     2
 Armour: Leather armour    |    22 |    23 ||    45
  Dodge: Dodged            |    64 |    95 ||   159
  Block: Buckler           |       |    13 ||    13
